 Dungeon Crawl Stone Soup version 0.32-a0-900-g30fb1b0edc (webtiles) character file.

Game seed: 9024052394748758249

93 gohu the Chopper (level 4, -8/38 HPs)
             Began as a Mountain Dwarf Fighter on Apr 5, 2024.
             Killed by divine providence
             ... invoked by an orc priest
              (12 damage)
             ... on level 3 of the Dungeon.
             The game lasted 00:02:44 (1592 turns).

gohu the Chopper (Mountain Dwarf Fighter)           Turns: 1592, Time: 00:02:45

Health: -8/38      AC:  6    Str: 20    XL:     4   Next: 36%
Magic:  4/4        EV:  8    Int:  9    God:
Gold:   101        SH:  4    Dex:  9    Spells: 3/3 levels left

rFire   . . .        a - +0 war axe
rCold   . . .        c - +0 buckler
rNeg    . . .        b - +0 scale mail
rPois   .            (no helmet)
rElec   .            (no cloak)
rCorr   +            (no gloves)
SInv    .            (no boots)
Will    .....        (no amulet) Stlth
                     h - ring of resist corrosion
HPRegen 0.26/turn    (no ring)
MPRegen 0.09/turn

%: no passive effects
@: no status effects
A: runic magic, artefact enchanting
a: Convert to Beogh


You were on level 3 of the Dungeon.
You visited 1 branch of the dungeon, and saw 3 of its levels.

You collected 101 gold pieces.

Inventory:

Hand Weapons
 a - a +0 war axe (weapon)
Missiles
 q - 6 boomerangs (quivered)
Armour
 b - a +0 scale mail (worn)
 c - a +0 buckler (worn)
Jewellery
 h - a ring of resist corrosion (left hand)
 i - a ring of wizardry
 n - a ring of magical power
Scrolls
 e - 5 scrolls of identify {unknown}
 f - a scroll of revelation {unknown}
 g - a scroll of immolation {unknown}
 k - a scroll of enchant armour {unknown}
 o - 3 scrolls of teleportation {unknown}
 p - a scroll of fear {unknown}
Potions
 d - a potion of might
 j - a potion of heal wounds {unknown}
 l - a potion of curing
 m - a potion of enlightenment {unknown}


   Skills:
 - Level 3.2 Fighting
 * Level 5.6 Axes
 - Level 3.2 Armour
 - Level 3.2 Shields


You had 3 spell levels left.
You didn't know any spells.
Your spell library contained the following spells:

 Spells                   Type           Power      Damage    Failure   Level
 Frozen Ramparts          Ice            0%         1d1       89%         3
 Ozocubu's Armour         Ice            0%         N/A       89%         3
 Anguish                  Hex/Necr       0%         N/A       100%        4
 Cause Fear               Hex            0%         N/A       100%        4
 Metabolic Englaciation   Hex/Ice        0%         N/A       100%        5
 Enfeeble                 Hex            0%         N/A       100%        7


Dungeon Overview and Level Annotations

Branches:
Dungeon (3/15)

Altars:


Innate Abilities, Weirdness & Mutations

Your spellcasting is much less encumbered by armour.
You can use scrolls of enchantment on lesser artefacts.


Message History

The orc priest is moderately wounded.
You block the orc priest's attack. x2
You hit the orc priest.
The orc priest is severely wounded.
The orc priest completely misses you.
You barely miss the orc priest.
The orc priest is severely wounded.
The orc priest invokes the aid of Beogh against you.
Pain shoots through your body!
The orc priest shouts, "The Pantheon deserves no one's loyalty.
Let us show you the true path!" (press Y on the ability menu to convert to Beogh)
You closely miss the orc priest.
The orc priest is severely wounded.
The orc priest barely misses you.
The orc priest mumbles some strange prayers to Beogh against you.
Pain shoots through your body!
* * * LOW HITPOINT WARNING * * *
You hit the orc priest but do no damage.
The orc priest is severely wounded.
The orc priest hits you with a +0 mace.
* * * LOW HITPOINT WARNING * * *
You hit the orc priest.
The orc priest is severely wounded.
The orc priest hits you but does no damage.
You hit the orc priest but do no damage.
The orc priest is severely wounded.
The orc priest looks braver for a moment.
You hit the orc priest but do no damage.
The orc priest is severely wounded.
The orc priest hits you with a +0 mace.
* * * LOW HITPOINT WARNING * * *
The orc priest begins to cast a cantrip, but forgets the words!
You hit the orc priest.
The orc priest is almost dead.
You block the orc priest's attack.
You hit the orc priest but do no damage.
The orc priest is almost dead.
The orc priest mumbles some strange prayers to Beogh against you.
Beogh smites you!
You die...

#..................
#..........#####+##
.. #..........# .#
... ...##...###
.###... .. ###.#
....... . ####)#
..... . #...o## ...
...
#o##..######.#...#
#.@#..{........#
####.......##.##
...........# #
#####.........#
+........>#
#......####
#......# #......#
########


You could see an orc priest.

Vanquished Creatures
  An orc wizard (D:3)
  A gnoll (D:3)
  An adder (D:2)
  2 orcs (D:3)
  3 endoplasms (D:1)
  4 giant cockroaches
  6 goblins
  4 hobgoblins
  2 jackals (D:2)
  2 quokkas (D:2)
  2 ball pythons (D:2)
  5 bats
  5 frilled lizards
  5 kobolds
  5 rats (D:1)
48 creatures vanquished.

Notes
Turn   | Place    | Note
-------+----------+-------------------------------------------
     0 | D:1      | gohu the Mountain Dwarf Fighter began the quest for the
                  | Orb.
     0 | D:1      | Reached XP level 1. HP: 19/19 MP: 1/1
   123 | D:1      | Reached skill level 3 in Axes
   202 | D:1      | Reached XP level 2. HP: 26/26 MP: 2/2
   519 | D:1      | Reached skill level 4 in Axes
   973 | D:2      | Reached XP level 3. HP: 31/31 MP: 3/3
  1424 | D:3      | Reached skill level 5 in Axes
  1502 | D:3      | Reached XP level 4. HP: 25/38 MP: 4/4
  1592 | D:3      | Killed from afar by an orc priest

Illustrated notes

Levels and vault maps discovered:
D:1:      roderic_dead_forest, layout_loops_ring, st_stairs_2, eino_curves_03
D:2:      layout_basic
D:3:      layout_basic, chequers_temple_overflow_statue_of_worship,
          mainiacjoe_overflow_catwalk_spiral, glass_columns_a

Skill      XL: |  1  2  3 |
---------------+----------+-----
Axes           | 3 4 5 |  5.6
Fighting       | |  3.2
Armour         | |  3.2
Shields        | |  3.2

Action                     |  1- 3 |  4- 6 || total
---------------------------+-------+-------++-------
  Melee: War axe           |   139 |    22 ||   161
  Throw: Boomerang         |     5 |       ||     5
    Use: Potion            |       |     1 ||     1
 Armour: Scale mail        |   102 |    15 ||   117
  Dodge: Dodged            |    63 |     3 ||    66
  Block: Buckler           |    27 |     6 ||    33

Table legend: (Time is in decaauts)
 A = Elapsed time spent in this place.
 B = Non-inter-level travel time spent in this place.
 C = Inter-level travel time spent in this place.
 D = Time resting spent in this place.
 E = Time spent auto-exploring this place.
 F = Levels seen in this place.
 G = Mean time per level.
                   A        B        C        D        E       F      G
               +--------+--------+--------+--------+--------+-----+--------+
         Total |   1646 |   1572 |     74 |      0 |   1140 |   3 |  548.7 |
       Dungeon |   1646 |   1572 |     74 |      0 |   1140 |   3 |  548.7 |
               +--------+--------+--------+--------+--------+-----+--------+

Top non-repeatable levels by time:
     D:1: 942 daAuts
     D:2: 470 daAuts
     D:3: 233 daAuts
